 Dungeon Sprint DCSS version 0.29-a0-384-g6960b1960d (webtiles) character file.

Game seed: 15923450980949238324

108546 mhtbhm the Conqueror (level 16, 0/133 HPs)
             Began as a Gargoyle Berserker on May 7, 2022.
             Was a High Priest of Trog.
             Slain by an electric golem (5 damage)
             ... in the Dungeon (Sprint VII: "The Pits") on May 8, 2022.
             The game lasted 00:23:24 (7806 turns).

mhtbhm the Conqueror (Gargoyle Berserker)           Turns: 7806, Time: 00:23:25

Health: 0/133      AC: 38    Str: 36    XL:     16   Next: 49%
Magic:  16/16      EV: 16    Int: 17    God:    Trog [*****.]
Gold:   43         SH:  0    Dex: 11    Spells: 15/15 levels left

rFire   + . .      SeeInvis +   a - +12 great mace of Subjectivity {flame, Dex+2}
rCold   . . .      Faith    +   (shield currently unavailable)
rNeg    + + .      Spirit   .   b - +1 plate armour "Mipe" {Str+8}
rPois   ∞          Reflect  .   x - +1 helmet {Int+3}
rElec   +          Harm     .   (no cloak)
rCorr   .          Rampage  .   (no gloves)
Will    +++..      NoTele   +   (no boots)
Stlth   ..........              u - amulet of faith
HPRegen 1.32/turn               t - ring of protection from fire
MPRegen 0.15/turn               v - ring of Hiarchom {rN+ Int+5 SInv}

@: strong-willed, on berserk cooldown, flying, regenerating, slowed, very slow
A: sickness immunity, AC +12, big wings, negative energy resistance 1,
electricity resistance, torment resistance 1, petrification resistance
a: Renounce Religion, Berserk, Trog's Hand, Brothers in Arms


You were in the Dungeon.
You worshipped Trog.
Trog was extremely pleased with you.
You visited 1 branch You collected 43 gold pieces.

Inventory:

Hand Weapons
 a - the +12 great mace of Subjectivity (weapon) {flame, Dex+2}
   (Trog gifted it to you in the Dungeon)

   It burns those it strikes, dealing additional fire damage.
   Dex:       It affects your dexterity (+2).
 k - a +6 sacred scourge of holy wrath
Missiles
 n - 7 poisoned darts (quivered)
Armour
 b - the +1 plate armour "Mipe" (worn) {Str+8}
   (You took it off an orc warrior in the Dungeon)

   Str:       It affects your strength (+8).
 x - a +1 helmet of intelligence (worn)
Jewellery
 l - a ring of positive energy
 t - a ring of protection from fire (left hand)
 u - an amulet of faith (around neck)
 v - the ring of Hiarchom (right hand) {rN+ Int+5 SInv}
   (You took it off a minotaur in the Dungeon)

   [ring of positive energy]

   Int:       It affects your intelligence (+5).
   rN:        It protects you from negative energy.
   SInv:      It lets you see invisible.
 w - a +4 ring of evasion
Scrolls
 o - 3 scrolls of enchant armour
 p - 3 scrolls of identify
 r - a scroll of fear
Potions
 f - 4 potions of magic
 g - 5 potions of berserk rage
 i - 2 potions of invisibility
Miscellaneous
 m - the horn of Geryon (inert)


   Skills:
 O Level 27 Fighting
 O Level 27 Maces & Flails
 + Level 1.8 Throwing
 O Level 27 Armour
 + Level 17.7 Dodging
 + Level 4.7 Stealth


You had 15 spell levels left.
You didn't know any spells.
Your spell library was empty.

Dungeon Overview and Level Annotations

Branches:
Dungeon (1/1)

Altars:
Cheibriados
Dithmenos
Elyvilon
Fedhas
Gozag
Hepliaklqana
Makhleb
Nemelex Xobeh
Okawaru
Qazlal
Ru
Sif Muna
Trog
Wu Jian
Xom
Yredelemnul
Zin
The Shining One
Jiyva


Innate Abilities, Weirdness & Mutations

You are immune to sickness and miasma.
Your stone body is resilient. (AC +12)
You are immune to poison.
Your large and strong wings let you fly.
You resist negative energy. (rN+)
You are resistant to electric shocks. (rElec)
You are resistant to unholy torment.
You are immune to petrification.


Message History

Something hits your troll!
Your troll dies!
Your troll's corpse disappears in a puff of smoke!
Unknown command.
Unknown command.
You sock the red draconian scorcher!
The red draconian scorcher is almost dead.
The electric golem hits you but does no damage.
The electric golem misses you.
The electric golem hits you but does no damage. x2
The red draconian scorcher completely misses you.
The hell beast screeches, "Go and return not, thou peaked weather-bitten bloater!"
The electric golem closely misses you.
The electric golem hits you but does no damage.
The electric golem completely misses you.
The electric golem hits you but does no damage.
Unknown command.
Unknown command.
You barely miss the red draconian scorcher.
The red draconian scorcher is almost dead.
The red draconian scorcher hits you but does no damage.
The electric golem hits you.
* * * LOW HITPOINT WARNING * * *
The electric golem shocks you. You resist.
* * * LOW HITPOINT WARNING * * *
The electric golem barely misses you. x2
The electric golem hits you but does no damage.
The red draconian scorcher barely misses you.
The Tzitzimitl calls on the powers of darkness!
The red draconian scorcher convulses!
You feel a surge of unholy energy.
Unknown command.
Unknown command.
You crush the red draconian scorcher like a grape!!!
You burn the red draconian scorcher.
You kill the red draconian scorcher!
Trog accepts your kill.
Trog appreciates your killing of a magic user.
The electric golem hits you but does no damage. x2
The electric golem hits you.
You die...

## ## #.###.###.###
###'.'##.'##.+#
#.'.19))..'...+
####2###[###.## #@#
#[# ## ####9###[##
#.'...+...+ ###
#)##.###.## +#.#
##.### #'# ###...
#+#).##'.# #+.'#.#
#.#...+... #.).#'#
#'#.###.### +##.##.#
##.###.###.###.'##...


You could see 2 electric golems, a Tzitzimitl and a hell beast (summoned).

Vanquished Creatures
  Antaeus (D)
  Asmodeus (D)
  Dispater (D)
  2 pandemonium lords (D)
  2 ancient liches (D)
  An orb of fire (D)
  A royal mummy (D)
  Geryon (D)
  A curse toe (D)
  A pearl dragon (D)
  2 Tzitzimimeh (D)
  A Brimstone Fiend (D)
  2 Hell Sentinels (D)
  3 electric golems (D)
  A quicksilver dragon (D)
  A deep elf master archer (D)
  2 titans (D)
  3 storm dragons (D)
  2 nagarajas (D)
  2 draconian monks (D)
  2 balrugs (D)
  A ghost moth (D)
  A deep elf sorcerer (D)
  A draconian scorcher (D)
  2 angels (D)
  Louise (D)
  An apis (D)
  2 purple draconians (D)
  A minotaur (D)
  2 green deaths (D)
  A deep elf death mage (D)
  A mummy priest (D)
  A deep elf high priest (D)
  Erolcha (D)
  A boulder beetle (D)
  2 anacondas (D)
  A merfolk aquamancer (D)
  A vampire mage (D)
  A two-headed ogre (D)
  4 death yaks (D)
  5 sun demons (D)
  A flayed ghost (D)
  A sea snake (D)
  A spriggan druid (D)
  A bog body (D)
  2 moths of wrath (D)
  A guardian serpent (D)
  A naga mage (D)
  A molten gargoyle (D)
  2 gargoyles (D)
  An unseen horror (D)
  A kobold demonologist (D)
  A rime drake (D)
  A freezing wraith (D)
  A hellwing (D)
  A komodo dragon (D)
  2 trolls (D)
  A merfolk (D)
  A tyrant leech (D)
  A polar bear (D)
  A tarantella (D)
  8 blink frogs (D)
  6 dream sheep (D)
  An air elemental (D)
  A shadow (D)
  A water elemental (D)
  5 yaks (D)
  2 golden eyes (D)
  A neqoxec (D)
  A steam dragon (D)
  A redback (D)
  8 vampire mosquitoes (D)
  A naga (D)
  A swamp drake (D)
  An ice beast (D)
  2 orc warriors (D)
  An ogre (D)
  A sky beast (D)
  A small abomination (D)
  5 wolves (D)
  A phantom (D)
  A bullfrog (D)
  A kobold brigand (D)
  2 gnoll sergeants (D)
  A necrophage (D)
  5 wights (D)
  2 hell rats (D)
  An orc wizard (D)
  7 gnolls (D)
  A river rat (D)
  A worm (D)
  2 orcs (D)
  3 endoplasms (D)
  A giant cockroach (D)
  2 hobgoblins (D)
  12 jackals (D)
  A quokka (D)
  A ball python (D)
  A ball python simulacrum (D)
  A ball python skeleton (D)
  A ball python zombie (D)
  A frilled lizard (D)
  A rat (D)
185 creatures vanquished.

Vanquished Creatures (collateral kills)
  Dissolution (D)
  2 balrugs (D)
  An apis (D)
  A hell beast (D)
  A death yak (D)
  An orc high priest (D)
  A phantasmal warrior (D)
  An orc sorcerer (D)
  A smoke demon (D)
  A yaktaur (D)
  2 merfolk (D)
  A guardian mummy (D)
  A naga (D)
  A quasit (D)
  A crimson imp (D)
17 creatures vanquished.

Vanquished Creatures (others)
  A vampire (D)
  An orc wizard (D)
2 creatures vanquished.

Grand Total: 204 creatures vanquished

Notes
Turn   | Place    | Note
-------+----------+-------------------------------------------
     0 | D        | mhtbhm the Gargoyle Berserker began the quest for the Orb.
     0 | D        | Reached XP level 1. HP: 14/14 MP: 1/1
    19 | D        | Found a bloodstained altar of Trog.
    19 | D        | Found a shimmering blue altar of Sif Muna.
    19 | D        | Found a viscous altar of Jiyva.
    19 | D        | Found a hazy altar of Hepliaklqana.
    19 | D        | Found an opulent altar of Gozag.
    57 | D        | Reached ** piety under Trog
   115 | D        | Reached XP level 2. HP: 16/20 MP: 2/2
   182 | D        | Reached *** piety under Trog
   189 | D        | Reached **** piety under Trog
   190 | D        | Reached XP level 3. HP: 15/25 MP: 3/3
   197 | D        | Reached skill level 5 in Fighting
   384 | D        | Noticed a phantom
   384 | D        | Noticed a wight
   385 | D        | Noticed a necrophage
   385 | D        | Noticed a wight
   391 | D        | Killed a phantom
   392 | D        | Reached skill level 1 in Stealth
   392 | D        | Reached XP level 4. HP: 32/32 MP: 4/4
   394 | D        | Reached XP level 5. HP: 38/38 MP: 5/5
   406 | D        | Reached ***** piety under Trog
   407 | D        | Reached XP level 6. HP: 44/44 MP: 6/6
   520 | D        | Reached skill level 5 in Dodging
   524 | D        | Received a gift from Trog
   529 | D        | Reached skill level 10 in Maces & Flails
   529 | D        | Reached XP level 7. HP: 42/51 MP: 7/7
   714 | D        | Noticed a tyrant leech
   727 | D        | Killed a tyrant leech
   728 | D        | Reached skill level 10 in Fighting
   728 | D        | Reached skill level 5 in Armour
   791 | D        | Reached ****** piety under Trog
   792 | D        | Reached XP level 8. HP: 37/58 MP: 8/8
   976 | D        | Received a gift from Trog
  1121 | D        | Found a glowing golden altar of the Shining One.
  1121 | D        | Found a glowing silver altar of Zin.
  1121 | D        | Found a basalt altar of Yredelemnul.
  1121 | D        | Found a shimmering altar of Xom.
  1121 | D        | Found an ornate altar of the Wu Jian Council.
  1121 | D        | Found a sacrificial altar of Ru.
  1121 | D        | Found a stormy altar of Qazlal.
  1121 | D        | Found an iron altar of Okawaru.
  1121 | D        | Found a sparkling altar of Nemelex Xobeh.
  1121 | D        | Found a burning altar of Makhleb.
  1121 | D        | Found a blossoming altar of Fedhas.
  1121 | D        | Found a white marble altar of Elyvilon.
  1121 | D        | Found a shadowy altar of Dithmenos.
  1121 | D        | Found a snail-covered altar of Cheibriados.
  1145 | D        | Noticed Erolcha
  1145 | D        | Noticed a bog body
  1152 | D        | Killed Erolcha
  1153 | D        | Reached XP level 9. HP: 65/65 MP: 9/9
  1155 | D        | Killed a bog body
  1240 | D        | Noticed a gargoyle
  1240 | D        | Noticed a sun demon
  1243 | D        | Received a gift from Trog
  1244 | D        | Reached skill level 15 in Maces & Flails
  1251 | D        | Killed a sun demon
  1258 | D        | Killed a gargoyle
  1259 | D        | Reached XP level 10. HP: 73/73 MP: 10/10
  1315 | D        | Noticed an anaconda
  1323 | D        | Killed an anaconda
  1470 | D        | Noticed a sea snake
  1477 | D        | Reached skill level 10 in Armour
  1481 | D        | Killed a sea snake
  1556 | D        | Noticed a boulder beetle
  1560 | D        | Identified the +10 great mace "Omnest" {vorpal, rElec}
                  | (Trog gifted it to you in the Dungeon)
  1560 | D        | Received a gift from Trog
  1567 | D        | Killed a boulder beetle
  1656 | D        | Noticed a two-headed ogre
  1656 | D        | Noticed a gargoyle
  1656 | D        | Noticed a death yak
  1662 | D        | Killed a two-headed ogre
  1662 | D        | Received a gift from Trog
  1663 | D        | Reached skill level 15 in Fighting
  1666 | D        | Reached XP level 11. HP: 81/81 MP: 11/11
  1670 | D        | Killed a death yak
  1674 | D        | Received a gift from Trog
  1736 | D        | Received a gift from Trog
  1783 | D        | Noticed a spriggan druid
  1787 | D        | Paralysed by an air elemental for 1 turns
  1793 | D        | Killed a spriggan druid
  1795 | D        | Received a gift from Trog
  1877 | D        | Noticed a flayed ghost
  1886 | D        | Killed a flayed ghost
  1977 | D        | Received a gift from Trog
  2123 | D        | Noticed a merfolk aquamancer
  2124 | D        | Noticed a soul eater
  2124 | D        | Received a gift from Trog
  2143 | D        | Reached XP level 12. HP: 84/92 MP: 12/12
  2143 | D        | Received a gift from Trog
  2157 | D        | Killed a merfolk aquamancer
  2161 | D        | Received a gift from Trog
  2175 | D        | Received a gift from Trog
  2714 | D        | Noticed a nagaraja
  2714 | D        | Noticed a purple draconian
  2714 | D        | Noticed an apis
  2714 | D        | Noticed a hell beast
  2714 | D        | Noticed a mummy priest
  2714 | D        | Noticed a balrug
  2717 | D        | Killed a nagaraja
  2719 | D        | Killed a mummy priest
  2721 | D        | Killed an apis
  2726 | D        | Killed a purple draconian
  2726 | D        | Received a gift from Trog
  2727 | D        | Killed a hell beast
  2729 | D        | HP: 1/142 [balrug/+2 demon whip of venom (12)]
  2729 | D        | Killed a balrug
  3122 | D        | Received a gift from Trog
  3126 | D        | Noticed an orc high priest
  3130 | D        | Noticed a balrug
  3132 | D        | Noticed a death yak
  3132 | D        | Killed a death yak
  3133 | D        | Reached skill level 15 in Armour
  3133 | D        | Reached XP level 13. HP: 71/102 MP: 13/13
  3133 | D        | Received a gift from Trog
  3135 | D        | Killed a balrug
  3157 | D        | Noticed a green death
  3162 | D        | Received a gift from Trog
  3170 | D        | Identified the ring of Hiarchom {rN+ Int+5 SInv}
  3170 | D        | Noticed a minotaur
  3178 | D        | Killed a minotaur
  3186 | D        | Killed a green death
  3194 | D        | Received a gift from Trog
  3213 | D        | Identified the +1 plate armour "Mipe" {Str+8}
  3246 | D        | Received a gift from Trog
  3573 | D        | Found the +3 hat of Pondering {ponderous, Will+ MP+10
                  | Int+5}
  3721 | D        | Noticed an electric golem
  3731 | D        | Killed an electric golem
  3931 | D        | Noticed a deep elf master archer
  3937 | D        | Killed a deep elf master archer
  4103 | D        | Noticed a nagaraja
  4106 | D        | Killed a nagaraja
  4106 | D        | Received a gift from Trog
  4111 | D        | Noticed a storm dragon
  4115 | D        | Killed a storm dragon
  4125 | D        | Noticed Louise
  4129 | D        | Killed Louise
  4169 | D        | Noticed Dissolution
  4169 | D        | Noticed a storm dragon
  4169 | D        | Noticed a Hell Sentinel
  4169 | D        | Noticed a deep elf high priest
  4169 | D        | Noticed a purple draconian
  4169 | D        | Noticed an angel
  4173 | D        | Killed an angel
  4173 | D        | Received a gift from Trog
  4178 | D        | Killed a storm dragon
  4178 | D        | Paralysed by a floating eye for 3 turns
  4181 | D        | Killed a purple draconian
  4182 | D        | Gained mutation: Your large and strong wings let you fly.
                  | [Gargoyle growth]
  4182 | D        | Reached XP level 14. HP: 104/114 MP: 14/14
  4190 | D        | Paralysed by a floating eye for 4 turns
  4204 | D        | Killed a Hell Sentinel
  4204 | D        | Received a gift from Trog
  4207 | D        | Paralysed by a floating eye for 2 turns
  4210 | D        | Paralysed by a floating eye for 2 turns
  4214 | D        | Paralysed by a floating eye for 2 turns
  4218 | D        | Killed Dissolution
  4219 | D        | Reached skill level 1 in Throwing
  4343 | D        | Noticed a Hell Sentinel
  4349 | D        | Killed a Hell Sentinel
  4495 | D        | Noticed a storm dragon
  4502 | D        | Killed a storm dragon
  4578 | D        | Noticed a curse toe
  4587 | D        | Killed a curse toe
  4682 | D        | Noticed an electric golem
  4687 | D        | Killed an electric golem
  4843 | D        | Found the +7 sceptre of Asmodeus
  4843 | D        | Noticed Asmodeus
  4904 | D        | Killed Asmodeus
  5166 | D        | Noticed an ancient lich
  5169 | D        | Killed an ancient lich
  5172 | D        | Noticed a balrug
  5176 | D        | Killed a balrug
  5176 | D        | Identified the +12 great mace of Subjectivity {flame,
                  | Dex+2} (Trog gifted it to you in the Dungeon)
  5176 | D        | Received a gift from Trog
  5177 | D        | Reached XP level 15. HP: 75/124 MP: 15/15
  5342 | D        | Noticed Eqah the pandemonium lord
  5354 | D        | Killed Eqah the pandemonium lord
  5636 | D        | Noticed a Tzitzimitl
  5642 | D        | Killed a Tzitzimitl
  5753 | D        | Noticed a titan
  5756 | D        | Killed a titan
  5756 | D        | Identified the +10 lajatang of Giyv {flame, Contam rElec
                  | SInv Stlth+} (Trog gifted it to you in the Dungeon)
  5756 | D        | Received a gift from Trog
  5760 | D        | Noticed a green draconian monk
  5760 | D        | Noticed a titan
  5764 | D        | Killed a titan
  5771 | D        | Killed a green draconian monk
  5865 | D        | Noticed an ancient lich
  5871 | D        | Killed an ancient lich
  5871 | D        | Received a gift from Trog
  5872 | D        | Reached skill level 27 in Fighting
  5876 | D        | Noticed a Brimstone Fiend
  5876 | D        | Noticed a Tzitzimitl
  5885 | D        | Killed a Brimstone Fiend
  5892 | D        | Killed a Tzitzimitl
  5893 | D        | Reached skill level 27 in Maces & Flails
  5997 | D        | Noticed an electric golem
  6005 | D        | Killed an electric golem
  6005 | D        | Received a gift from Trog
  6065 | D        | Found the +4 staff of Dispater
  6065 | D        | Noticed Dispater
  6077 | D        | Noticed a Hell Sentinel
  6088 | D        | Killed Dispater
  6355 | D        | Noticed a quicksilver dragon
  6355 | D        | Noticed a royal mummy
  6358 | D        | Noticed an emperor scorpion
  6367 | D        | Killed a quicksilver dragon
  6373 | D        | Noticed an emperor scorpion
  6390 | D        | Killed a royal mummy
  6708 | D        | Noticed a ghost moth
  6710 | D        | Received a gift from Trog
  6718 | D        | Killed a ghost moth
  6752 | D        | Noticed Jeggaomp the pandemonium lord
  6768 | D        | Killed Jeggaomp the pandemonium lord
  6769 | D        | Reached skill level 27 in Armour
  7131 | D        | Noticed Geryon
  7146 | D        | Killed Geryon
  7147 | D        | Reached skill level 10 in Dodging
  7147 | D        | Reached XP level 16. HP: 116/133 MP: 16/16
  7318 | D        | Received a gift from Trog
  7446 | D        | Received a gift from Trog
  7511 | D        | Noticed Antaeus
  7511 | D        | Noticed a green draconian monk
  7527 | D        | Noticed an orb of fire
  7547 | D        | Killed Antaeus
  7548 | D        | Reached skill level 15 in Dodging
  7559 | D        | Killed an orb of fire
  7559 | D        | Received a gift from Trog
  7574 | D        | Killed a green draconian monk
  7760 | D        | Noticed a pearl dragon
  7760 | D        | Noticed an electric golem
  7760 | D        | Noticed an electric golem
  7780 | D        | Killed a pearl dragon
  7793 | D        | Noticed a Tzitzimitl
  7799 | D        | HP: 5/133 [red draconian scorcher/bolt of fire (23)]
  7805 | D        | HP: 4/133 [electric golem (6)]
  7806 | D        | Slain by an electric golem

Illustrated notes

Levels and vault maps discovered:
D:        pitsprint [storerooms_1, entrance_room_1, metal_vault_3, armoury_3,
          mini_pit_1, grid_room_1, main_hall_1, silver_pit, the_coven_3,
          the_vestibule_1, steel_vault_2, golden_pit, hallway_of_sentries,
          crystal_vault_2, iron_vault_4, final_vault]

Skill      XL: |  1  2  3  4  5  6  7  8  9 10 11 12 13 14 15 16 |
---------------+-------------------------------------------------+-----
Fighting       | 4 6 7 8 9 10 11 13 15 17 20 23 25 27 | 27.0
Maces & Flails | 4 6 7 8 10 12 13 15 17 20 22 24 25 27 | 27.0
Dodging        | 2 3 4 5 6 7 10 17 | 17.7
Armour         | 3 4 5 6 9 11 12 15 18 22 27 | 27.0
Stealth        | 1 2 3 4 |  4.7
Throwing       | 1 |  1.8

Action                   |  1- 3 |  4- 6 |  7- 9 | 10-12 | 13-15 | 16-18 || total
-------------------------+-------+-------+-------+-------+-------+-------++-------
Melee: Mace              |    33 |    48 |    78 |       |       |       ||   159
       Punch             |       |       |     3 |       |       |     1 ||     4
       Dire flail        |       |       |    24 |    27 |       |       ||    51
       Great mace        |       |       |       |   151 |   260 |    40 ||   451
       Sacred scourge    |       |       |       |       |    21 |    54 ||    75
Throw: Dart              |       |       |       |       |     1 |       ||     1
Invok: Berserk           |     2 |       |     4 |     7 |    11 |     2 ||    26
       Brothers in Arms  |       |       |       |     4 |     3 |     4 ||    11
       Trog's Hand       |       |       |       |       |     2 |     2 ||     4
Evoke: Horn of Geryon    |       |       |       |       |       |     1 ||     1
  Use: Potion            |       |     2 |     1 |     3 |    20 |     7 ||    33
       Scroll            |       |       |       |       |     7 |     3 ||    10
 Stab: Sleeping          |     1 |       |       |       |       |       ||     1
Armor: Animal skin       |    18 |       |       |       |       |       ||    18
       Chain mail        |     2 |    15 |    29 |       |       |       ||    46
       Plate armour      |       |       |    15 |   134 |   199 |    99 ||   447
Dodge: Dodged            |    28 |    11 |    37 |    67 |   105 |    71 ||   319

Table legend: (Time is in decaauts)
 A = Elapsed time spent in this place.
 B = Non-inter-level travel time spent in this place.
 C = Inter-level travel time spent in this place.
 D = Time resting spent in this place.
 E = Time spent auto-exploring this place.
 F = Levels seen in this place.
 G = Mean time per level.
                   A        B        C        D        E       F      G
               +--------+--------+--------+--------+--------+-----+--------+
         Total |   7789 |   7789 |      0 |   5708 |    160 |   1 | 7789.0 |
       Dungeon |   7789 |   7789 |      0 |   5708 |    160 |   1 | 7789.0 |
               +--------+--------+--------+--------+--------+-----+--------+

Top non-repeatable levels by time:
       D: 7789 daAuts
